 Dungeon Crawl Stone Soup version 0.22-a0-618-gd6a3efe (webtiles) character file.

5359 Amnesiac the Thaumaturge (level 10, -3/63 HPs)
             Began as a Mummy Earth Elementalist on July 13, 2018.
             Was a High Priest of Sif Muna.
             Slain by a killer bee (7 damage)
             ... on level 7 of the Dungeon.
             The game lasted 00:15:33 (8028 turns).

Amnesiac the Thaumaturge (Mummy Earth Elementalist) Turns: 8028, Time: 00:15:34

Health: -3/63      AC:  5    Str: 11    XL:     10   Next: 39%
Magic:  0/24       EV: 12    Int: 18    God:    Sif Muna [*****.]
Gold:   441        SH:  0    Dex: 18    Spells: 15/30 levels left

rFire    x . .     SeeInvis .   E - -1 blowgun
rCold    + . .     Gourm    .   (no shield)
rNeg     + + +     Faith    .   c - +0 robe
rPois    ∞         Spirit   +   x - +0 helmet
rElec    .         Reflect  .   A - +0 cloak
rCorr    .         Harm     .   e - +0 pair of gloves
MR       +....                  (no boots)
Stlth    ++........             D - amulet of guardian spirit
HPRegen  0.20/turn              (no ring)
MPRegen  0.19/turn              B - +5 ring of dexterity

@: no casting
A: no food or potions, fire vulnerability, cold resistance 1, negative energy
resistance 3, torment resistance, unbreathing
a: Stop Divine Energy, Channel Magic, Forget Spell, Renounce Religion


You were on level 7 of the Dungeon.
You worshipped Sif Muna.
Sif Muna was extremely pleased with you.
You were not hungry.

You visited 2 branches of the dungeon, and saw 8 of its levels.
You also visited: Sewer.

You collected 441 gold pieces.

Inventory:

Hand Weapons
 a - a +1 dagger of draining
 b - a +2 vampiric dagger
 v - a +0 blowgun
 E - a -1 blowgun (weapon)
 F - the +11 hunting sling of Fafutz {freeze, Dex+5 Stlth+, unknown}
   (You found it on level 7 of the Dungeon)

   It causes projectiles fired from it to freeze those they strike, causing
   extra injury to most foes and up to half again as much damage against
   particularly susceptible opponents.
   They can also slow down cold-blooded creatures.
   It affects your dexterity (+5).
   It makes you more stealthy.
Missiles
 q - 87 stones
 w - 28 poisoned needles (quivered)
Armour
 c - a +0 robe (worn)
 e - a +0 pair of gloves (worn)
 x - a +0 helmet (worn)
 A - a +0 cloak (worn)
Jewellery
 l - an uncursed ring of fire
 n - an uncursed ring of flight
 B - a +5 ring of dexterity (right hand)
 D - an amulet of guardian spirit (around neck)
Wands
 k - a wand of random effects (53)
 s - a wand of flame (36)
 z - a wand of paralysis (11)
 C - a wand of scattershot (6)
Scrolls
 d - 2 scrolls of random uselessness {!r, unknown}
 f - 2 scrolls of teleportation {!r}
 g - 4 scrolls of magic mapping {!r}
 h - 2 scrolls of remove curse {!r}
 i - 2 scrolls of fear {!r, unknown}
 j - 7 scrolls of identify {!r}
 m - a scroll of amnesia {!r, unknown}
 o - a scroll of immolation {!r, unknown}
 p - 2 scrolls of noise {!r, unknown}
 r - a scroll of blinking {!r, unknown}
 t - a scroll of enchant armour {!r, unknown}
 u - 3 scrolls of enchant weapon {!r}


   Skills:
 - Level 2.0 Short Blades
 - Level 1.5 Dodging
 - Level 2.0 Stealth
 - Level 10.7 Spellcasting
 - Level 1.0 Transmutations
 + Level 10.7 Earth Magic


You had 15 spell levels left.
You knew the following spells:

 Your Spells              Type           Power        Failure   Level  Hunger
a - Sandblast             Erth           #####.       1%          1    N/A
b - Passwall              Tmut/Erth      ####....     1%          2    N/A
c - Stone Arrow           Conj/Erth      ####..       2%          3    N/A
d - Lee's Rapid Deconstr  Erth           #####.....   2%          5    N/A
e - Petrify               Tmut/Erth      ####....     7%          4    N/A

Your spell library contained the following spells:

 Spells                   Type           Power        Failure   Level  Hunger
 Bolt of Cold             Conj/Ice       #.........   100%        6    N/A
 Sticky Flame             Conj/Fire      #.......     58%         4    N/A
 Iron Shot                Conj/Erth      ####......   77%         6    N/A
 Flame Tongue             Conj/Fire      #....        8%          1    N/A
 Spellforged Servitor     Conj/Summ      #.........   100%        7    N/A

Dungeon Overview and Level Annotations

Branches:
Dungeon (7/15)             Temple (1/1) D:6

Altars:
Elyvilon
Gozag
Qazlal
Sif Muna
Uskayaw
Xom
Yredelemnul
The Shining One

Annotations:
D:2 usk altar
D:4 1 runed door, Gorglomux's ghost, amateur GrFi


Innate Abilities, Weirdness & Mutations

You do not eat or drink.
Your flesh is vulnerable to fire.
You are immune to poison.
Your flesh is cold resistant. (rC+)
You are immune to negative energy. (rN+++)
You are immune to unholy pain and torment.
You can survive without breathing.


Message History

You briefly lose access to your magic!
The killer bee stings you. The killer bee barely misses you.
You are unable to access your magic!
You are unable to access your magic!
Wield which item (- for none, * to show all)? (? for menu, Esc to quit)
Okay, then.
Adjust (i)tems, (s)pells, or (a)bilities?
Adjust which spell?
Okay, then.
Adjust (i)tems, (s)pells, or (a)bilities?
Adjust which spell? c - Sandblast Adjust to which letter? a - Sandblast; c - Stone Arrow Put on which piece of jewellery? (? for menu, Esc to quit)
Okay, then.
The killer bee barely misses you. The killer bee completely misses you.
The killer bee stings you.
* * * LOW HITPOINT WARNING * * *
The killer bee closely misses you.
You regain access to your magic.
The killer bee stings you but does no damage.
The killer bee barely misses you.
Casting: Stone Arrow (safe; 2% risk of failure)
Confirm with . or Enter, or press ? or * to list all spells.
Aiming: Sandblast (safe; 1% risk of failure)
Press: ? - help, Shift-Dir - straight line, f/p - killer bee
Aim: a killer bee (heavily wounded)
The blast of sand misses the killer bee.
q - 88 stones Sif Muna grants you divine energy.
You briefly lose access to your magic!
The killer bee misses you.
The killer bee stings you but does no damage.
The killer bee barely misses you. x2; The killer bee misses you.
The killer bee stings you.
* * * LOW HITPOINT WARNING * * *
Unknown command.
The killer bee barely misses you.
The killer bee stings you but does no damage.
The killer bee completely misses you. The killer bee stings you!
* * * LOW HITPOINT WARNING * * *
You regain access to your magic.
The killer bee misses you. The killer bee stings you.
* * * LOW HITPOINT WARNING * * *
The killer bee stings you but does no damage.
The killer bee stings you!
* * * LOW HITPOINT WARNING * * *
The killer bee barely misses you. x2
Found 19 gold pieces.
The killer bee stings you!
* * * LOW HITPOINT WARNING * * *
Casting: Sandblast (safe; 1% risk of failure)
Confirm with . or Enter, or press ? or * to list all spells.
Aiming: Sandblast (safe; 1% risk of failure)
Press: ? - help, Shift-Dir - straight line, f/p - killer bee
Aim: a killer bee (heavily wounded)
The blast of sand hits the killer bee.
You kill the killer bee!
Sif Muna accepts your kill.
q - 87 stones Sif Muna grants you divine energy.
You briefly lose access to your magic!
The killer bee stings you!
You die...

........#
#.......#,,,*,,,,,,,
.......P#
#.......###+**,,,,,,
.......⌠#
#......##.#,,**,,,,,
.......P#
#.....##..#,,,**,,,*
##'''####
#....##...#,,,,**,,*
.......#
#...##....#,,,,,**,*
.#..####
#..##.....#,,,,,,***
.(.##
#.##....$.#,,,,,,,*
.###
#yy@.......,,,*****
.# ###########****
.# ># .# .# .# .# .#


You could see 2 killer bees.

Vanquished Creatures
  A two-headed ogre (D:7)
  The ghost of Nattefrost the Basher, a novice DsHu (D:6)
  The ghost of anything the Slinger, a novice OpHu of Cheibriados (D:6)
  The ghost of Zgarb the Summoner, a novice TeSu of Sif Muna (D:6)
  Pikel (D:3)
  Prince Ribbit (D:5)
  Grinder (D:3)
  Sigmund (D:5)
  Menkaure (D:3)
  Edmund (D:4)
  An ice beast (D:3)
  A phantom (D:4)
  6 ogres
  A centaur (D:7)
  A bullfrog (D:6)
  2 big kobolds
  2 scorpions
  A killer bee (D:7)
  5 wights
  A crimson imp (D:5)
  6 hounds
  A jelly (D:6)
  2 orc priests
  Crazy Yiuf (D:6)
  3 orc wizards
  2 iguanas
  7 gnolls
  9 adders
  2 river rats
  An ooze (D:1)
  An adder skeleton (D:5)
  A worm (D:4)
  4 dart slugs
  6 leopard geckos
  15 orcs
  11 bats
  6 giant cockroaches
  5 goblins
  5 hobgoblins
  5 jackals
  17 kobolds
  5 quokkas
  4 ball pythons
  3 frilled lizards
  A giant cockroach zombie (D:5)
  A leopard gecko skeleton (D:4)
  15 rats
  A fungus (D:6)
171 creatures vanquished.

Vanquished Creatures (others)
  Eustachio (D:4)
  A centaur zombie (D:4)
  An orc (D:4)
  A ball python (D:1)
  4 toadstools (D:7)
8 creatures vanquished.

Grand Total: 179 creatures vanquished

Notes
Turn   | Place    | Note
-------+----------+-------------------------------------------
     0 | D:1      | Amnesiac the Mummy Earth Elementalist began the quest for the Orb.
     0 | D:1      | Reached XP level 1. HP: 13/13 MP: 4/4
   121 | D:1      | Reached XP level 2. HP: 15/19 MP: 5/5
   127 | D:1      | Learned a level 2 spell: Passwall
   311 | D:4      | Reached skill level 1 in Transmutations
   366 | D:4      | Noticed a wight
   371 | D:4      | Found a deep blue altar of Sif Muna.
   377 | D:4      | Became a worshipper of Sif Muna the Loreminder
   443 | D:1      | Reached XP level 3. HP: 23/24 MP: 3/7
   938 | D:1      | Learned a level 3 spell: Stone Arrow
   952 | D:2      | Noticed a hand axe
   952 | D:2      | Noticed a dagger
  1017 | D:2      | Found a hide-covered altar of Uskayaw.
  1097 | D:2      | Reached XP level 4. HP: 26/30 MP: 3/9
  1185 | D:2      | Found a basalt altar of Yredelemnul.
  1229 | D:2      | Found a glowing golden altar of the Shining One.
  1385 | D:2      | Found a shimmering altar of Xom.
  1403 | D:2      | Noticed an ogre
  1419 | D:2      | Killed an ogre
  1419 | D:2      | Reached * piety under Sif Muna
  1419 | D:2      | Reached XP level 5. HP: 13/35 MP: 5/11
  1482 | D:2      | Found an opulent altar of Gozag.
  1619 | D:2      | Found a white marble altar of Elyvilon.
  1685 | D:3      | Found a stormy altar of Qazlal.
  1722 | D:3      | Noticed an ice beast
  1741 | D:3      | Killed an ice beast
  1923 | D:3      | Reached XP level 6. HP: 35/41 MP: 9/12
  1930 | D:3      | Learned a level 5 spell: Lee's Rapid Deconstruction
  2018 | D:3      | Reached skill level 5 in Earth Magic
  2682 | D:4      | Noticed a slave
  2684 | D:4      | Noticed Pikel
  2685 | D:4      | Reached skill level 5 in Spellcasting
  2712 | D:3      | Learned a level 4 spell: Petrify
  2735 | D:3      | Killed Pikel
  2735 | D:3      | Reached ** piety under Sif Muna
  2735 | D:3      | Reached XP level 7. HP: 3/46 MP: 3/15
  3001 | D:4      | Noticed Grinder
  3002 | D:4      | Paralysed by Grinder for 4 turns
  3175 | D:3      | Killed Grinder
  3175 | D:3      | Reached XP level 8. HP: 52/52 MP: 10/17
  3325 | D:3      | HP: 2/52 [wight/long sword (8)]
  3748 | D:4      | Noticed Edmund
  3749 | D:4      | Noticed Menkaure
  3908 | D:3      | Killed Menkaure
  4033 | D:4      | Killed Edmund
  4118 | D:4      | Found a runed door.
  4118 | D:4      | Found a shimmering altar of Xom.
  4118 | D:4      | Noticed a mace of chaos
  4118 | D:4      | Noticed Gorglomux's ghost (amateur GrFi)
  4197 | D:4      | Noticed Eustachio
  4256 | D:4      | Killed Eustachio
  4738 | D:5      | Entered Level 5 of the Dungeon
  4783 | D:5      | Reached *** piety under Sif Muna
  4914 | D:5      | Found a glowing drain.
  4954 | Sewer    | Entered a sewer
  5075 | Sewer    | Found a white marble altar of Elyvilon.
  5177 | D:5      | Reached XP level 9. HP: 44/57 MP: 21/21
  5179 | D:5      | Noticed Sigmund
  5185 | D:5      | Killed Sigmund
  5487 | D:5      | Noticed Prince Ribbit
  5498 | D:5      | Killed Prince Ribbit
  5794 | D:5      | Reached **** piety under Sif Muna
  6252 | D:6      | Found a staircase to the Ecumenical Temple.
  6842 | D:6      | Found a runed door.
  6846 | D:6      | Noticed Crazy Yiuf
  6849 | D:6      | Killed Crazy Yiuf
  6886 | Temple   | Entered the Ecumenical Temple
  6910 | D:7      | Noticed a two-headed ogre
  6915 | D:7      | Killed a two-headed ogre
  7077 | D:7      | Found a runed gate.
  7077 | D:7      | Found a runed gate.
  7080 | D:7      | Reached skill level 10 in Earth Magic
  7081 | D:7      | Found a runed gate.
  7082 | D:7      | Noticed Nattefrost's ghost (novice DsHu)
  7085 | D:7      | Noticed anything's ghost (novice OpHu)
  7085 | D:7      | Noticed Zgarb's ghost (novice TeSu)
  7123 | D:6      | Killed Nattefrost's ghost
  7123 | D:6      | Reached ***** piety under Sif Muna
  7123 | D:6      | Identified Sif Muna's Tome of Conjuration (Sif Muna gifted it to you on level 6 of the Dungeon)
  7123 | D:6      | Received a gift from Sif Muna
  7123 | D:6      | Reached skill level 10 in Spellcasting
  7123 | D:6      | Reached XP level 10. HP: 17/63 MP: 0/24
  7380 | D:6      | Killed Zgarb's ghost
  7529 | D:6      | Killed anything's ghost
  8000 | D:7      | Got a smoking hunting sling
  8028 | D:7      | Slain by a killer bee

Vault maps used:
D:1:      shiori_arrival_oz
D:2:      kennysheep_ying_yang, nicolae_overflow_crystal_walls,
          dancing_weapons_uskayaw, xom_teletrap_fun, grunt_gozag_statues
D:3:      nicolae_qazlal_general_emergency
D:4:      led_sif_pool, ebering_ghost_xom, first_ration, uniq_menkaure,
          uniq_eustachio, uniq_pikel, uniq_grinder, uniq_edmund
D:5:      portal_sewer_entry_c, uniq_sigmund, uniq_prince_ribbit1
D:6:      temple_green, uniq_crazy_yiuf_cottage
D:7:      cheibrodos_fertilizer, nicolae_ashenzari_panopticon,
          gammafunk_ghost_cemetery
Temple:   jpeg_temple_island
Sewer:    sewer_kobolds

Skill      XL: |  1  2  3  4  5  6  7  8  9 |
---------------+----------------------------+-----
Earth Magic    | 3 4 6 8 10 | 10.7
Transmutations | 1 |  1.0
Spellcasting   | 3 4 5 6 8 10 | 10.7
Stealth        | 2 |  2.0
Short Blades   | 2 |  2.0
Dodging        | |  1.5

Action                   |  1- 3 |  4- 6 |  7- 9 | 10-12 || total
-------------------------+-------+-------+-------+-------++-------
Melee: Unarmed           |    44 |       |       |       ||    44
       Dagger            |   119 |   120 |   312 |     1 ||   552
 Cast: Sandblast         |    21 |    51 |    51 |     2 ||   125
       Passwall          |     3 |     3 |     2 |       ||     8
       Petrify           |       |     1 |    37 |       ||    38
       Lee's Rapid Decon |       |       |     6 |       ||     6
       Stone Arrow       |       |       |    10 |    32 ||    42
Invok: Divine Energy     |       |     1 |       |       ||     1
  Use: Scroll            |       |       |       |     4 ||     4
 Stab: Sleeping          |     7 |     2 |     5 |     1 ||    15
       Petrified         |       |    15 |    55 |       ||    70
       Petrifying        |       |       |     1 |       ||     1
Armor: Robe              |    62 |    24 |    48 |    10 ||   144
Dodge: Dodged            |   145 |   103 |   152 |    29 ||   429

Table legend:
 A = Spawn XP
 B = Non-spawn XP
 C = Spawn XP percentage of total XP
 D = Spawn monster count
 E = Non-spawn monster count
 F = Spawn count percentage of total count
 G = Total turns spent on level
                    A         B        C        D         E        F      G
               +---------+---------+-------+---------+---------+-------+---------
         Total |       0 |    7656 |   0.0 |       0 |     170 |   0.0 |  8028
               +---------+---------+-------+---------+---------+-------+---------
           D:1 |       0 |      57 |   0.0 |       0 |      28 |   0.0 |   671
           D:2 |       0 |     144 |   0.0 |       0 |      12 |   0.0 |  1292
           D:3 |       0 |    1425 |   0.0 |       0 |      34 |   0.0 |  1644
           D:4 |       0 |     784 |   0.0 |       0 |      23 |   0.0 |  1131
           D:5 |       0 |     998 |   0.0 |       0 |      31 |   0.0 |  1340
           D:6 |       0 |    2901 |   0.0 |       0 |      18 |   0.0 |  1086
           D:7 |       0 |    1229 |   0.0 |       0 |      14 |   0.0 |   705
         Sewer |       0 |     118 |   0.0 |       0 |      10 |   0.0 |   157
               +---------+---------+-------+---------+---------+-------+---------
